 Dungeon Crawl Stone Soup version 0.27.1-2-g3b301248ec (webtiles) character file.

Game seed: 5677680686437021306

27 nxtlvl the Chopper (level 3, 0/33 HPs)
             Began as a Hill Orc Monk on Sept 25, 2021.
             Succumbed to an adder's poison
             ... on level 2 of the Dungeon.
             The game lasted 00:01:50 (302 turns).

nxtlvl the Chopper (Hill Orc Monk)                   Turns: 302, Time: 00:01:52

Health: 0/33       AC:  2    Str: 13    XL:     3   Next: 10%
Magic:  3/3        EV: 12    Int: 10    God:
Gold:   9          SH:  0    Dex: 14    Spells: 2/2 levels left

rFire    . . .     SeeInvis .   a - +0 war axe
rCold    . . .     Faith    .   (no shield)
rNeg     . . .     Spirit   .   b - +0 robe
rPois    .         Reflect  .   (no helmet)
rElec    .         Harm     .   (no cloak)
rCorr    .         Rampage  .   (no gloves)
Will     .....                  (no boots)
Stlth    ++........             (no amulet)
HPRegen  0.11/turn              (no ring)
MPRegen  0.08/turn              (no ring)

@: lethally poisoned (0 -> -2)
A: no striking features
a: no special abilities


You were on level 2 of the Dungeon.
You visited 1 branch of the dungeon, and saw 2 of its levels.

You collected 9 gold pieces.

Inventory:

Hand Weapons
 a - a +0 war axe (weapon)
Armour
 b - a +0 robe (worn)
Scrolls
 c - a scroll of fog {unknown}
 d - a scroll of vulnerability {unknown}


   Skills:
 + Level 3.9 Fighting
 + Level 4.7 Axes
 + Level 2.7 Dodging
 + Level 1.7 Stealth


You had 2 spell levels left.
You didn't know any spells.
Your spell library contained the following spells:

 Spells                   Type           Power      Damage    Failure   Level
 Freeze                   Ice            0%         1d3       36%         1
 Frozen Ramparts          Ice            0%         1d2       75%         3
 Hailstorm                Conj/Ice       0%         3d3       98%         4


Dungeon Overview and Level Annotations

Branches:
Dungeon (2/15)

Altars:

Shops:
D:2 [

Annotations:
D:2 Jessica


Message History

Adjust (i)tems, (s)pells, or (a)bilities?
e - a +0 war axe Adjust to which letter? (? for menu, Esc to quit)
a - a +0 war axe;
e - a +0 hand axe (weapon)
Drop what? 5/52 slots (_ for help) (? for menu, Esc to quit)
You are now empty-handed.
You drop a +0 hand axe.
a - a +0 war axe (weapon)
There is a stone staircase leading down here.
You climb downwards.
Found 11 gold pieces and 19 stones.
Found a stone staircase leading down.
There is a stone staircase leading up here.
The helpless adder fails to defend itself.
You hit the adder.
The adder is moderately wounded.
The adder bites you.
* * * LOW HITPOINT WARNING * * *
You closely miss the adder.
The adder is moderately wounded.
The adder barely misses you. x2
You barely miss the adder.
The adder is moderately wounded.
The adder barely misses you. The adder bites you.
* * * LOW HITPOINT WARNING * * *
You are lethally poisoned!
The adder poisons you!
You slash the adder!
You kill the adder!
* * * LOW HITPOINT WARNING * * *
You feel sick.
Jessica shouts!
You have reached level 3!
Your experience leads to an increase in your attributes!
Increase (S)trength, (I)ntelligence, or (D)exterity?
You feel agile.
Found Qeasmoi's Antique Armour Shoppe.
* * * LOW HITPOINT WARNING * * *
You feel sick.
Jessica gestures wildly while chanting.
Jessica blinks!
You die...

... #.....
#.#...
.8.∩. #...
#
#...####.#
#...$.<..#
#>.....###
#...@..#
#......#
#..@...#
#......#
#...(..#
########


You could see Jessica.

Vanquished Creatures
  An adder (D:2)
  2 dart slugs (D:1)
  A ball python (D:1)
  3 endoplasms (D:1)
  3 goblins (D:1)
  A hobgoblin (D:1)
  A bat (D:1)
  A kobold (D:1)
13 creatures vanquished.

Notes
Turn   | Place    | Note
-------+----------+-------------------------------------------
     0 | D:1      | nxtlvl the Hill Orc Monk began the quest for the Orb.
     0 | D:1      | Reached XP level 1. HP: 19/19 MP: 1/1
    97 | D:1      | Reached XP level 2. HP: 8/27 MP: 2/2
   296 | D:2      | Noticed Jessica
   300 | D:2      | HP: 1/27 [poisoned by an adder]
   301 | D:2      | Reached XP level 3. HP: 2/33 MP: 3/3
   301 | D:2      | Found Qeasmoi's Antique Armour Shoppe.
   302 | D:2      | Succumbed to an adder's poison

Illustrated notes

Levels and vault maps discovered:
D:1:      dpeg_cavernosity, layout_basic
D:2:      layout_rooms, serial_shops, shop_statue, minmay_shallow_snake_nest,
          uniq_jessica

Action                   || total
-------------------------++-------
Melee: Hand axe          ||    29
       War axe           ||     4
 Stab: Sleeping          ||     3
Armor: Robe              ||     2
Dodge: Dodged            ||    14
